 Dungeon Crawl Stone Soup version 0.19.4-12-gccf7e64 (webtiles) character file.

180 Patwa the Conjurer (level 5, 37/39 HPs)
             Began as a Demigod Conjurer on Feb 27, 2017.
             Starved to death
             ... on level 4 of the Dungeon.
             The game lasted 00:31:07 (4342 turns).

Patwa the Conjurer (Demigod Conjurer)               Turns: 4342, Time: 00:31:08

Health: 37/39      AC: 11    Str: 14    XL:     5   Next: 11%
Magic:  12/12      EV:  7    Int: 21    God:
Gold:   61         SH:  0    Dex: 16    Spells: 2 memorised, 7 levels left

rFire  . . .     SeeInvis .     h - +0 dagger (elec)
rCold  . . .     Gourm    .     u - +0 chain mail
rNeg   . . .     Faith    .     (no shield)
rPois  .         Spirit   .     e - +2 helmet
rElec  .         Reflect  .     (no cloak)
rCorr  .         Harm     .     (no gloves)
MR     .....                    (no boots)
Stlth  ..........               (no amulet)
                                (no ring)
                                C - +3 ring of strength

@: fainting
A: high mp 1
a: no special abilities


You were on level 4 of the Dungeon.
You were fainting.

You visited 1 branch of the dungeon, and saw 4 of its levels.

You collected 61 gold pieces.

Inventory:

Hand Weapons
 c - a +0 short sword
 d - a +0 dagger
 h - a +0 dagger of electrocution (weapon)
 j - a +0 dagger
 m - a +0 club
 o - a +0 dagger
 p - a +0 short sword
 q - a cursed -1 dagger
 r - a +0 whip
 s - a +0 club
 y - a +0 dagger
 A - a cursed -2 club
 B - a +0 club
 D - a +0 dagger
 E - a +0 club
 L - a +0 spear
 M - a +0 war axe
 N - a +0 quarterstaff
Missiles
 f - 99 stones (quivered)
 g - 24 bolts
 n - 14 arrows
 t - 25 poisoned needles
Armour
 a - a +0 robe
 e - a +2 helmet (worn)
 i - a +0 helmet
 k - a +2 helmet
 l - a +0 ring mail
 u - a +0 chain mail (worn)
 z - a +0 scale mail
 F - a +0 leather armour
 G - a +0 robe
 H - a +0 ring mail
 I - a +0 scale mail
 J - a +0 robe
 K - a +0 scale mail
Jewellery
 C - a +3 ring of strength (left hand)
Books
 b - a book of Conjurations

   Spells                             Type                      Level
   a - Magic Dart                     Conjuration                  1
   b - Searing Ray                    Conjuration                  2
   c - Dazzling Spray                 Conjuration/Hexes            3
   d - Fulminant Prism                Conjuration/Hexes            4
   e - Iskenderun's Mystic Blast      Conjuration                  4
   f - Iskenderun's Battlesphere      Conjuration/Charms           5
 v - a book of Changes

   Spells                             Type                      Level
   a - Beastly Appendage              Transmutation                1
   b - Sticks to Snakes               Transmutation                2
   c - Spider Form                    Transmutation/Poison         3
   d - Ice Form                       Ice/Transmutation            4
   e - Blade Hands                    Transmutation                5


   Skills:
 + Level 0.3 Fighting
 + Level 0.5 Short Blades
 + Level 1.2 Armour
 + Level 2.2 Dodging
 + Level 1.9 Stealth
 + Level 0.1 Unarmed Combat
 + Level 3.0 Spellcasting
 * Level 4.4 Conjurations
   Level 1.1 Transmutations


You had 7 spell levels left.
You knew the following spells:

 Your Spells              Type           Power        Failure   Level  Hunger
a - Magic Dart            Conj           ###.         67%         1    None
b - Searing Ray           Conj           ###...       87%         2    ##.....


Dungeon Overview and Level Annotations

Branches:
Dungeon (4/15)
 Temple: D:4-7


Innate Abilities, Weirdness & Mutations

You have an increased reservoir of magic. (+10% MP)


Message History

You hit the hobgoblin but do no damage. The hobgoblin barely misses you.
You closely miss the hobgoblin. The hobgoblin closely misses you.
You hit the hobgoblin but do no damage. The hobgoblin barely misses you.
You hit the hobgoblin but do no damage. The hobgoblin barely misses you.
You don't have the energy to cast that spell.
Unknown command.
You hit the hobgoblin.
The hobgoblin is moderately wounded.
The hobgoblin barely misses you.
Your chain mail prevents you from hitting the hobgoblin.
The hobgoblin is moderately wounded.
The hobgoblin hits you but does no damage.
Your chain mail prevents you from hitting the hobgoblin.
The hobgoblin is moderately wounded.
The hobgoblin hits you but does no damage.
You hit the hobgoblin but do no damage.
There is a sudden explosion of sparks!
You kill the hobgoblin!
You see here a hobgoblin corpse.
You have starved to death.
You die...

######
###....#
#.@†<#
#?#.##
.......
#####.###
###


There were no monsters in sight!

Vanquished Creatures
  A scorpion (D:3)
  3 adders
  2 oozes
  5 worms
  3 dart slugs
  3 leopard geckos (D:1)
  3 giant cockroaches
  9 goblins
  11 hobgoblins
  4 jackals
  A quokka (D:2)
  9 bats
  5 frilled lizards
  10 kobolds
  3 rats
72 creatures vanquished.

Vanquished Creatures (collateral kills)
  A hobgoblin (D:2)
  A bat (D:2)
2 creatures vanquished.

Grand Total: 74 creatures vanquished

Notes
Turn   | Place    | Note
-------+----------+-------------------------------------------
     0 | D:1      | Patwa the Demigod Conjurer began the quest for the Orb.
     0 | D:1      | Reached XP level 1. HP: 14/14 MP: 5/5
   175 | D:1      | Reached skill level 4 in Conjurations
   327 | D:1      | Reached XP level 2. HP: 20/20 MP: 2/7
   371 | D:1      | Learned a level 2 spell: Searing Ray
   989 | D:1      | Reached XP level 3. HP: 23/26 MP: 2/8
  2479 | D:2      | Reached skill level 1 in Armour
  2479 | D:2      | Reached XP level 4. HP: 34/34 MP: 1/10
  2615 | D:2      | Found a hide-covered altar of Uskayaw.
  3293 | D:2      | Learned a level 2 spell: Sticks to Snakes
  3799 | D:3      | Found a shadowy altar of Dithmenos.
  3984 | D:3      | Reached skill level 1 in Transmutations
  3984 | D:3      | Reached XP level 5. HP: 27/39 MP: 4/12
  4306 | D:3      | Paralysed by fainting for 9 turns
  4321 | D:4      | Paralysed by fainting for 11 turns
  4342 | D:4      | Starved to death

Skill      XL: |  1  2  3  4  5 |
---------------+----------------+-----
Conjurations   | 4 |  4.4
Dodging        | 2 |  2.2
Spellcasting   | 2 3 |  3.0
Armour         | 1 |  1.2
Transmutations | 1 |  1.1
Fighting       | |  0.3
Short Blades   | |  0.5
Stealth        | |  1.9
Unarmed Combat | |  0.1

Action                   |  1- 3 |  4- 6 || total
-------------------------+-------+-------++-------
Melee: Unarmed           |    11 |       ||    11
       Dagger            |    45 |    45 ||    90
 Cast: Magic Dart        |    72 |    56 ||   128
       Searing Ray       |     5 |       ||     5
       Sticks to Snakes  |       |     5 ||     5
  Use: Scroll            |     1 |     4 ||     5
       Potion            |       |     2 ||     2
  Eat: Bread ration      |     1 |       ||     1
       Meat ration       |     1 |       ||     1
Armor: Robe              |    14 |       ||    14
       Ring mail         |    29 |    41 ||    70
       Chain mail        |       |    31 ||    31
Dodge: Dodged            |    87 |    62 ||   149
